| Goals | Penalties |
No Goal
|
Connor Clifton (NYR) for Slashing (Minor) at 7:53
|
1. Golden Knights , Kirill Marchenko 8 (Brayden Schenn 15, Henri Jokiharju 1) at 13:39
|
K'Andre Miller (VGK) for Slashing (Double Minor) at 4:29
|
2. Golden Knights , Ryan McDonagh 4 (Colton Parayko 10, Connor McDavid 17) at 4:22
3. Golden Knights , Jack Drury 1 (Adam Klapka 2, Jack Quinn 1) at 10:26
4. Golden Knights , Matt Coronato 9 (Anton Lundell 7) at 16:37
5. Golden Knights , Anton Lundell 1 (Jordan Spence 3, Morgan Geekie 9) at 17:21
|
Troy Terry (NYR) for Cross-checking (Minor) at 8:17
|
|
Mackenzie Blackwood (VGK), 19 saves from 19 shots - (1.000), W, 11-6-6, 60:00 minutes
Jacob Markstrom (NYR), 29 saves from 34 shots - (0.853), L, 3-8-4, 60:00 minutes
|
|
1 - Anton Lundell (VGK)
2 - Mackenzie Blackwood (VGK)
3 - Henri Jokiharju (VGK)
|
Referees : Garrett Rank and Mike Sheehan
Linesman : Brendan Lewis and Steven Berry
|
|
| No Game Note
|
|
Level 1 -- Attendance: 4084 (68.07%) -- Ticket Income $898,480
Level 2 -- Attendance: 3122 (62.44%) -- Ticket Income $515,130
Level 3 -- Attendance: 2405 (60.13%) -- Ticket Income $324,675
Level 4 -- Attendance: 1608 (53.60%) -- Ticket Income $176,880
Luxury Box -- Attendance: 736 (73.60%) -- Ticket Income $220,800
Game was played at the Madison Square Gardens.
Total Attendance: 11955 (62.92%)
Total Ticket Income: $2,135,965
Other Income: $106,798
Total Income: $2,242,763
|
| Team Name |
Goals |
Shots |
Shots Attemp |
Shots Blocked |
PIM |
HIT |
PP |
PK |
FO% |
| Golden Knights |
5 | 34 | 65 | 5 | 4 | 23 | 0 / 2 (0%) | 0 | 51% |
| Rangers |
0 | 19 | 48 | 11 | 4 | 17 | 0 / 2 (0%) | 0 | 49% |
Golden Knights
Rangers
Golden Knights
| 5 vs 5 Forward |
|---|
| Line # | Left Wing | Center | Right Wing | PHY | DF | OF | Wanted % | Time % | Time Play |
| 1 | Ridly Greig | Connor McDavid | Dawson Mercer | 0 | 2 | 3 | 30 | 31% | 16:04
|
| 2 | Kirill Marchenko | Brayden Schenn | Drake Batherson | 0 | 2 | 3 | 27 | 27% | 14:04
|
| 3 | Morgan Geekie | Anton Lundell | Matt Coronato | 0 | 2 | 3 | 25 | 26% | 13:18
|
| 4 | Jack Quinn | Jack Drury | Adam Klapka | 0 | 3 | 2 | 18 | 17% | 8:37
|
| 5 vs 5 Defense |
|---|
| Line # | Defense | Defense | | PHY | DF | OF | Wanted % | Time % | Time Play |
| 1 | Ryan McDonagh | Colton Parayko | | 0 | 3 | 2 | 35 | 36% | 18:29
|
| 2 | K'Andre Miller | Jamie Drysdale | | 0 | 2 | 3 | 35 | 34% | 17:54
|
| 3 | Henri Jokiharju | Jordan Spence | | 0 | 2 | 3 | 25 | 29% | 14:58
|
| 4 | Ryan McDonagh | Colton Parayko | | 0 | 2 | 3 | 5 | 1% | 0:42
|
| Power Play Forward |
|---|
| Line # | Left Wing | Center | Right Wing | PHY | DF | OF | Wanted % | Time % | Time Play |
| 1 | Kirill Marchenko | Connor McDavid | Drake Batherson | 0 | 0 | 5 | 60 | 45% | 1:48
|
| 2 | Matt Coronato | Brayden Schenn | Morgan Geekie | 0 | 0 | 5 | 40 | 55% | 2:10
|
| Power Play Defense |
|---|
| Line # | Defense | Defense | | PHY | DF | OF | Wanted % | Time % | Time Play |
| 1 | Jamie Drysdale | Colton Parayko | | 0 | 0 | 5 | 60 | 67% | 2:39
|
| 2 | K'Andre Miller | Jordan Spence | | 0 | 0 | 5 | 40 | 33% | 1:19
|
| Penalty Kill 4 Players Forward |
|---|
| Line # | Center | Wing | PHY | DF | OF | Wanted % | Time % | Time Play |
| 1 | Anton Lundell | Ridly Greig | 0 | 5 | 0 | 60 | 86% | 3:25
|
| 2 | Jack Drury | Dawson Mercer | 0 | 5 | 0 | 40 | 14% | 0:34
|
| Penalty Kill 4 Players Defense |
|---|
| Line # | Defense | Defense | PHY | DF | OF | Wanted % | Time % | Time Play |
| 1 | Ryan McDonagh | Colton Parayko | 0 | 5 | 0 | 60 | 18% | 0:44
|
| 2 | K'Andre Miller | Henri Jokiharju | 0 | 5 | 0 | 40 | 82% | 3:15
|
| Penalty Kill 3 Players |
|---|
| Line # | Wing | PHY | DF | OF | Wanted % | Time % | Time Play | Defense | Defense | PHY | DF | OF | Wanted % | Time % | Time Play |
| 1 | Ridly Greig | 0 | 5 | 0 | 60 | 0% | 0:00
| Ryan McDonagh | Colton Parayko | 0 | 5 | 0 | 60 | 0% | 0:00
|
| 2 | Anton Lundell | 0 | 5 | 0 | 40 | 0% | 0:00
| K'Andre Miller | Henri Jokiharju | 0 | 5 | 0 | 40 | 0% | 0:00
|
| 4 vs 4 Forward |
|---|
| Line # | Center | Wing | PHY | DF | OF | Wanted % | Time % | Time Play |
| 1 | Connor McDavid | Drake Batherson | 0 | 1 | 4 | 60 | 0% | 0:00
|
| 2 | Brayden Schenn | Kirill Marchenko | 0 | 1 | 4 | 40 | 0% | 0:00
|
| 4 vs 4 Defense |
|---|
| Line # | Defense | | PHY | DF | OF | Wanted % | Time % | Time Play |
| 1 | Ryan McDonagh | Colton Parayko | 0 | 2 | 3 | 60 | 0% | 0:00
|
| 2 | K'Andre Miller | Jamie Drysdale | 0 | 2 | 3 | 40 | 0% | 0:00
|
| Last Minutes Offensive |
|---|
| Left Wing | Center | Right Wing | Defense | Defense |
| Kirill Marchenko | Connor McDavid | Drake Batherson | Ryan McDonagh | Colton Parayko |
| Last Minutes Defensive |
|---|
| Left Wing | Center | Right Wing | Defense | Defense |
| Kirill Marchenko | Connor McDavid | Drake Batherson | Ryan McDonagh | Colton Parayko |
| Time |
|---|
| Total Forward | Total Defense | Last Minutes Offensive | Last Minutes Defensive |
| 60:00 |
60:00 |
0:00 | 0:00 |
| Extra Forwards |
|---|
| Normal | PowerPlay | Penalty Kill |
|
Connor McDavid, Drake Batherson, Kirill Marchenko | Connor McDavid, Drake Batherson | Connor McDavid |
| Extra Defensemen |
|---|
| Normal | PowerPlay | Penalty Kill |
|
Colton Parayko, Ryan McDonagh, K'Andre Miller | Colton Parayko, Colton Parayko | Ryan McDonagh |
| Penalty Shots |
|---|
|
Anton Lundell, Jack Quinn, Connor McDavid, Kirill Marchenko, K'Andre Miller |
| Goalie |
|---|
| Mackenzie Blackwood, Ilya Samsonov |
| Custom OT Lines Forwards |
|---|
|
Connor McDavid, Drake Batherson, Kirill Marchenko, Brayden Schenn, Morgan Geekie, Matt Coronato, Anton Lundell, Dawson Mercer, Ridly Greig, Jack Quinn |
| Custom OT Lines Defensemen |
|---|
|
Colton Parayko, Ryan McDonagh, K'Andre Miller, Jamie Drysdale, Jordan Spence |
| Scratches |
|---|
|
Zach Bogosian (Healthy) |
Rangers
| 5 vs 5 Forward |
|---|
| Line # | Left Wing | Center | Right Wing | PHY | DF | OF | Wanted % | Time % | Time Play |
| 1 | Michael Bunting | Logan Cooley | Troy Terry | 1 | 2 | 2 | 33 | 34% | 17:40
|
| 2 | Alex Killorn | Adam Fantilli | Artturi Lehkonen | 1 | 2 | 2 | 28 | 27% | 14:13
|
| 3 | Robby Fabbri | Scott Laughton | Jack Roslovic | 1 | 2 | 2 | 22 | 22% | 11:29
|
| 4 | Jakob Pelletier | Max Domi | Michael Amadio | 1 | 2 | 2 | 17 | 17% | 8:41
|
| 5 vs 5 Defense |
|---|
| Line # | Defense | Defense | | PHY | DF | OF | Wanted % | Time % | Time Play |
| 1 | John Marino | Brent Burns | | 1 | 2 | 2 | 33 | 34% | 17:30
|
| 2 | Cody Ceci | Oliver Ekman-Larsson | | 1 | 2 | 2 | 33 | 33% | 17:25
|
| 3 | Connor Clifton | Justin Holl | | 1 | 2 | 2 | 24 | 27% | 14:02
|
| 4 | Brent Burns | Cody Ceci | | 1 | 2 | 2 | 10 | 6% | 3:06
|
| Power Play Forward |
|---|
| Line # | Left Wing | Center | Right Wing | PHY | DF | OF | Wanted % | Time % | Time Play |
| 1 | Michael Bunting | Logan Cooley | Troy Terry | 1 | 2 | 2 | 60 | 59% | 2:21
|
| 2 | Alex Killorn | Adam Fantilli | Artturi Lehkonen | 1 | 2 | 2 | 40 | 41% | 1:38
|
| Power Play Defense |
|---|
| Line # | Defense | Defense | | PHY | DF | OF | Wanted % | Time % | Time Play |
| 1 | Brent Burns | Oliver Ekman-Larsson | | 1 | 2 | 2 | 60 | 49% | 1:58
|
| 2 | Connor Clifton | John Marino | | 1 | 2 | 2 | 40 | 51% | 2:01
|
| Penalty Kill 4 Players Forward |
|---|
| Line # | Center | Wing | PHY | DF | OF | Wanted % | Time % | Time Play |
| 1 | Robby Fabbri | Michael Amadio | 1 | 2 | 2 | 60 | 68% | 2:42
|
| 2 | Scott Laughton | Alex Killorn | 1 | 2 | 2 | 40 | 32% | 1:16
|
| Penalty Kill 4 Players Defense |
|---|
| Line # | Defense | Defense | PHY | DF | OF | Wanted % | Time % | Time Play |
| 1 | Cody Ceci | Connor Clifton | 1 | 2 | 2 | 60 | 64% | 2:33
|
| 2 | Brent Burns | Justin Holl | 1 | 2 | 2 | 40 | 36% | 1:25
|
| Penalty Kill 3 Players |
|---|
| Line # | Wing | PHY | DF | OF | Wanted % | Time % | Time Play | Defense | Defense | PHY | DF | OF | Wanted % | Time % | Time Play |
| 1 | Robby Fabbri | 1 | 2 | 2 | 60 | 0% | 0:00
| Cody Ceci | Connor Clifton | 1 | 2 | 2 | 60 | 0% | 0:00
|
| 2 | Michael Amadio | 1 | 2 | 2 | 40 | 0% | 0:00
| Brent Burns | Justin Holl | 1 | 2 | 2 | 40 | 0% | 0:00
|
| 4 vs 4 Forward |
|---|
| Line # | Center | Wing | PHY | DF | OF | Wanted % | Time % | Time Play |
| 1 | Logan Cooley | Troy Terry | 1 | 2 | 2 | 60 | 0% | 0:00
|
| 2 | Adam Fantilli | Alex Killorn | 1 | 2 | 2 | 40 | 0% | 0:00
|
| 4 vs 4 Defense |
|---|
| Line # | Defense | | PHY | DF | OF | Wanted % | Time % | Time Play |
| 1 | John Marino | Brent Burns | 1 | 2 | 2 | 60 | 0% | 0:00
|
| 2 | Oliver Ekman-Larsson | Cody Ceci | 1 | 2 | 2 | 40 | 0% | 0:00
|
| Last Minutes Offensive |
|---|
| Left Wing | Center | Right Wing | Defense | Defense |
| Troy Terry | Logan Cooley | Artturi Lehkonen | John Marino | Brent Burns |
| Last Minutes Defensive |
|---|
| Left Wing | Center | Right Wing | Defense | Defense |
| Alex Killorn | Logan Cooley | Robby Fabbri | Brent Burns | Cody Ceci |
| Time |
|---|
| Total Forward | Total Defense | Last Minutes Offensive | Last Minutes Defensive |
| 60:00 |
60:00 |
0:00 | 0:00 |
| Extra Forwards |
|---|
| Normal | PowerPlay | Penalty Kill |
|
Robby Fabbri, Max Domi, Jakob Pelletier | Scott Laughton, Max Domi | Adam Fantilli |
| Extra Defensemen |
|---|
| Normal | PowerPlay | Penalty Kill |
|
Brent Burns, Cody Ceci, Connor Clifton | Justin Holl, Connor Clifton | John Marino |
| Penalty Shots |
|---|
|
Logan Cooley, Adam Fantilli, Artturi Lehkonen, Troy Terry, Max Domi |
| Goalie |
|---|
| Jacob Markstrom, Anton Forsberg |
| Custom OT Lines Forwards |
|---|
|
Logan Cooley, Troy Terry, Adam Fantilli, Michael Bunting, Artturi Lehkonen, Alex Killorn, Scott Laughton, Jack Roslovic, Max Domi, Robby Fabbri |
| Custom OT Lines Defensemen |
|---|
|
Oliver Ekman-Larsson, Brent Burns, John Marino, Cody Ceci, Connor Clifton |
| Scratches |
|---|
|
Caleb Jones (Healthy) |
Play-by-Play
1st period
0:01 of 1st period - Logan Cooley wins face-off versus Connor McDavid in neutral zone.
0:26 of 1st period - Shot by Connor McDavid.
0:26 of 1st period - Shot Misses the Net.
0:38 of 1st period - Shot by Connor McDavid.
0:38 of 1st period - Shot Misses the Net.
0:40 of 1st period - Shot by Dawson Mercer.
0:40 of 1st period - Shot Blocked by Brent Burns.
0:55 of 1st period - Brent Burns is hit by K'Andre Miller and loses puck.
1:12 of 1st period - Shot by Drake Batherson.
1:12 of 1st period - Shot Blocked by Brent Burns.
1:35 of 1st period - Icing by Brent Burns.
1:36 of 1st period - Logan Cooley wins face-off versus Anton Lundell in Rangers zone.
1:47 of 1st period - Shot by Morgan Geekie.
1:47 of 1st period - Stopped by Jacob Markstrom with a rebound.
3:07 of 1st period - K'Andre Miller is hit by Alex Killorn and loses puck.
3:20 of 1st period - Shot by Connor McDavid.
3:20 of 1st period - Shot Blocked by Oliver Ekman-Larsson.
3:22 of 1st period - Shot by Ridly Greig.
3:22 of 1st period - Shot Misses the Net.
3:28 of 1st period - Shot by Connor McDavid.
3:28 of 1st period - Deflect By Dawson Mercer.
3:28 of 1st period - Stopped by Jacob Markstrom without a rebound.
3:29 of 1st period - Brayden Schenn wins face-off versus Scott Laughton in Rangers zone.
3:58 of 1st period - Shot by Kirill Marchenko.
3:58 of 1st period - Stopped by Jacob Markstrom without a rebound.
3:59 of 1st period - Anton Lundell wins face-off versus Max Domi in Rangers zone.
4:00 of 1st period - Shot by Morgan Geekie.
4:00 of 1st period - Stopped by Jacob Markstrom without a rebound.
4:01 of 1st period - Anton Lundell wins face-off versus Max Domi in Rangers zone.
5:10 of 1st period - Shot by Dawson Mercer.
5:10 of 1st period - Shot Hit the Post.
5:30 of 1st period - Dawson Mercer is hit by Scott Laughton and loses puck.
5:46 of 1st period - Icing by Cody Ceci.
5:47 of 1st period - Scott Laughton wins face-off versus Brayden Schenn in Rangers zone.
7:29 of 1st period - Colton Parayko is hit by Jakob Pelletier and loses puck.
7:53 of 1st period - Minor Penalty to Connor Clifton for Slashing.
7:54 of 1st period - Connor McDavid wins face-off versus Robby Fabbri in Rangers zone.
8:05 of 1st period - Shot by Matt Coronato.
8:05 of 1st period - Shot Blocked by Brent Burns.
8:07 of 1st period - Shot by Colton Parayko.
8:07 of 1st period - Stopped by Jacob Markstrom without a rebound.
8:08 of 1st period - Robby Fabbri wins face-off versus Connor McDavid in Rangers zone.
8:25 of 1st period - Shot by Connor McDavid.
8:25 of 1st period - Stopped by Jacob Markstrom without a rebound.
8:26 of 1st period - Robby Fabbri wins face-off versus Brayden Schenn in Rangers zone.
10:27 of 1st period - Michael Bunting is hit by Colton Parayko and loses puck.
10:37 of 1st period - Off-side.
10:38 of 1st period - Connor McDavid wins face-off versus Adam Fantilli in neutral zone.
10:54 of 1st period - Icing by Connor Clifton.
10:55 of 1st period - Adam Fantilli wins face-off versus Brayden Schenn in Rangers zone.
11:10 of 1st period - Shot by Artturi Lehkonen.
11:10 of 1st period - Shot Misses the Net.
11:12 of 1st period - Shot by Alex Killorn.
11:12 of 1st period - Stopped by Mackenzie Blackwood with a rebound.
11:40 of 1st period - Shot by Matt Coronato.
11:40 of 1st period - Stopped by Jacob Markstrom without a rebound.
11:41 of 1st period - Max Domi wins face-off versus Anton Lundell in Rangers zone.
11:41 of 1st period - Max Domi is hit by Anton Lundell.
12:33 of 1st period - Off-side.
12:34 of 1st period - Scott Laughton wins face-off versus Connor McDavid in neutral zone.
12:37 of 1st period - Shot by Jack Roslovic.
12:37 of 1st period - Shot Misses the Net.
13:33 of 1st period - Icing by Jamie Drysdale.
13:34 of 1st period - Jack Drury wins face-off versus Adam Fantilli in Golden Knights zone.
13:34 of 1st period - Jack Drury is hit by Artturi Lehkonen.
14:00 of 1st period - Shot by Adam Fantilli.
14:00 of 1st period - Shot Misses the Net.
14:02 of 1st period - Shot by Connor Clifton.
14:02 of 1st period - Deflect By Artturi Lehkonen.
14:02 of 1st period - Shot Misses the Net.
14:04 of 1st period - Shot by Connor Clifton.
14:04 of 1st period - Shot Misses the Net.
14:06 of 1st period - Shot by Connor Clifton.
14:06 of 1st period - Deflect By Alex Killorn.
14:06 of 1st period - Stopped by Mackenzie Blackwood without a rebound.
14:07 of 1st period - Morgan Geekie wins face-off versus Logan Cooley in Golden Knights zone.
14:21 of 1st period - Icing by Brent Burns.
14:22 of 1st period - Logan Cooley wins face-off versus Connor McDavid in Rangers zone.
14:22 of 1st period - Logan Cooley is hit by Ridly Greig.
15:13 of 1st period - Shot by Anton Lundell.
15:13 of 1st period - Stopped by Jacob Markstrom with a rebound.
15:26 of 1st period - Shot by Matt Coronato.
15:26 of 1st period - Stopped by Jacob Markstrom with a rebound.
15:36 of 1st period - Shot by Morgan Geekie.
15:36 of 1st period - Shot Misses the Net.
15:44 of 1st period - Shot by Anton Lundell.
15:44 of 1st period - Shot Misses the Net.
16:20 of 1st period - Shot by Drake Batherson.
16:20 of 1st period - Stopped by Jacob Markstrom without a rebound.
16:21 of 1st period - Jack Drury wins face-off versus Adam Fantilli in Rangers zone.
16:45 of 1st period - Icing by Cody Ceci.
16:46 of 1st period - Dawson Mercer wins face-off versus Adam Fantilli in Rangers zone.
16:55 of 1st period - Shot by Dawson Mercer.
16:55 of 1st period - Shot Misses the Net.
17:00 of 1st period - Icing by Oliver Ekman-Larsson.
17:01 of 1st period - Anton Lundell wins face-off versus Adam Fantilli in Rangers zone.
17:04 of 1st period - Shot by Jamie Drysdale.
17:04 of 1st period - Stopped by Jacob Markstrom without a rebound.
17:05 of 1st period - Scott Laughton wins face-off versus Connor McDavid in Rangers zone.
17:21 of 1st period - Shot by Connor McDavid.
17:21 of 1st period - Stopped by Jacob Markstrom without a rebound.
17:22 of 1st period - Anton Lundell wins face-off versus Max Domi in Rangers zone.
17:35 of 1st period - Off-side.
17:36 of 1st period - Brayden Schenn wins face-off versus Adam Fantilli in neutral zone.
17:39 of 1st period - Shot by Kirill Marchenko.
17:39 of 1st period - Shot Blocked by Connor Clifton.
17:47 of 1st period - K'Andre Miller is hit by Alex Killorn and loses puck.
18:08 of 1st period - Shot by Alex Killorn.
18:08 of 1st period - Shot Misses the Net.
18:55 of 1st period - Connor McDavid is hit by Oliver Ekman-Larsson and loses puck.
18:58 of 1st period - Shot by Connor McDavid.
18:58 of 1st period - Stopped by Jacob Markstrom with a rebound.
19:12 of 1st period - Shot by Ridly Greig.
19:12 of 1st period - Stopped by Jacob Markstrom without a rebound.
19:13 of 1st period - Anton Lundell wins face-off versus Max Domi in Rangers zone.
Goals for this period are 0 for Golden Knights vs 0 for Rangers.
Shots for this period are 14 for Golden Knights vs 2 for Rangers.
2nd period
0:01 of 2nd period - Adam Fantilli wins face-off versus Connor McDavid in neutral zone.
0:32 of 2nd period - Shot by Artturi Lehkonen.
0:32 of 2nd period - Stopped by Mackenzie Blackwood without a rebound.
0:33 of 2nd period - Brayden Schenn wins face-off versus Logan Cooley in Golden Knights zone.
0:42 of 2nd period - Shot by Logan Cooley.
0:42 of 2nd period - Stopped by Mackenzie Blackwood with a rebound.
0:44 of 2nd period - Shot by Justin Holl.
0:44 of 2nd period - Stopped by Mackenzie Blackwood without a rebound.
0:45 of 2nd period - Anton Lundell wins face-off versus Scott Laughton in Golden Knights zone.
0:45 of 2nd period - Anton Lundell is hit by Scott Laughton.
1:45 of 2nd period - Anton Lundell is hit by Connor Clifton and loses puck.
2:33 of 2nd period - Off-side.
2:34 of 2nd period - Connor McDavid wins face-off versus Max Domi in neutral zone.
3:56 of 2nd period - Shot by Artturi Lehkonen.
3:56 of 2nd period - Stopped by Mackenzie Blackwood without a rebound.
3:57 of 2nd period - Jack Drury wins face-off versus Logan Cooley in Golden Knights zone.
4:25 of 2nd period - Troy Terry is hit by Jamie Drysdale and loses puck.
4:29 of 2nd period - Double Minor Penalty to K'Andre Miller for Slashing.
4:30 of 2nd period - Anton Lundell wins face-off versus Adam Fantilli in Golden Knights zone.
4:51 of 2nd period - Shot by Alex Killorn.
4:51 of 2nd period - Shot Blocked by Henri Jokiharju.
5:29 of 2nd period - Shot by Logan Cooley.
5:29 of 2nd period - Stopped by Mackenzie Blackwood with a rebound.
5:37 of 2nd period - Shot by Troy Terry.
5:37 of 2nd period - Deflect By Michael Bunting.
5:37 of 2nd period - Shot Misses the Net.
7:49 of 2nd period - Colton Parayko is hit by Scott Laughton and loses puck.
8:14 of 2nd period - Shot by Oliver Ekman-Larsson.
8:14 of 2nd period - Stopped by Mackenzie Blackwood without a rebound.
8:15 of 2nd period - Anton Lundell wins face-off versus Adam Fantilli in Golden Knights zone.
8:15 of 2nd period - Anton Lundell is hit by Adam Fantilli.
8:29 of 2nd period - Connor Clifton is hit by Morgan Geekie and loses puck.
8:47 of 2nd period - Michael Amadio is hit by K'Andre Miller and loses puck.
8:50 of 2nd period - Shot by Cody Ceci.
8:50 of 2nd period - Shot Misses the Net.
9:36 of 2nd period - Shot by Drake Batherson.
9:36 of 2nd period - Deflect By Kirill Marchenko.
9:36 of 2nd period - Shot Misses the Net.
9:48 of 2nd period - Cody Ceci is hit by Brayden Schenn and loses puck.
9:56 of 2nd period - Icing by Artturi Lehkonen.
9:57 of 2nd period - Connor McDavid wins face-off versus Adam Fantilli in Rangers zone.
10:06 of 2nd period - K'Andre Miller is hit by Adam Fantilli and loses puck.
10:19 of 2nd period - Shot by Troy Terry.
10:19 of 2nd period - Shot Misses the Net.
10:24 of 2nd period - Logan Cooley is hit by K'Andre Miller and loses puck.
12:48 of 2nd period - Artturi Lehkonen is hit by Colton Parayko and loses puck.
13:02 of 2nd period - Icing by Cody Ceci.
13:03 of 2nd period - Brayden Schenn wins face-off versus Adam Fantilli in Rangers zone.
13:10 of 2nd period - Shot by Drake Batherson.
13:10 of 2nd period - Stopped by Jacob Markstrom with a rebound.
13:39 of 2nd period - Shot by Brayden Schenn.
13:39 of 2nd period - Deflect By Kirill Marchenko.
13:39 of 2nd period - Goal by Kirill Marchenko - Golden Knights : 1 - Rangers : 0.
13:40 of 2nd period - Anton Lundell wins face-off versus Logan Cooley in neutral zone.
13:43 of 2nd period - Shot by Matt Coronato.
13:43 of 2nd period - Stopped by Jacob Markstrom with a rebound.
14:05 of 2nd period - K'Andre Miller is hit by Michael Bunting and loses puck.
14:37 of 2nd period - Icing by John Marino.
14:38 of 2nd period - Max Domi wins face-off versus Drake Batherson in Rangers zone.
14:43 of 2nd period - Shot by Michael Amadio.
14:43 of 2nd period - Shot Misses the Net.
14:48 of 2nd period - Icing by Henri Jokiharju.
14:49 of 2nd period - Artturi Lehkonen wins face-off versus Brayden Schenn in Golden Knights zone.
15:06 of 2nd period - Shot by Brent Burns.
15:06 of 2nd period - Stopped by Mackenzie Blackwood without a rebound.
15:07 of 2nd period - Logan Cooley wins face-off versus Connor McDavid in Golden Knights zone.
15:40 of 2nd period - Shot by Dawson Mercer.
15:40 of 2nd period - Shot Misses the Net.
15:42 of 2nd period - Shot by Dawson Mercer.
15:42 of 2nd period - Shot Misses the Net.
16:04 of 2nd period - Shot by Kirill Marchenko.
16:04 of 2nd period - Shot Blocked by Oliver Ekman-Larsson.
16:12 of 2nd period - Shot by Brayden Schenn.
16:12 of 2nd period - Stopped by Jacob Markstrom without a rebound.
16:13 of 2nd period - Anton Lundell wins face-off versus Jack Roslovic in Rangers zone.
16:22 of 2nd period - Shot by Matt Coronato.
16:22 of 2nd period - Shot Blocked by John Marino.
16:24 of 2nd period - Shot by Ryan McDonagh.
16:24 of 2nd period - Shot Misses the Net.
16:26 of 2nd period - Shot by Colton Parayko.
16:26 of 2nd period - Stopped by Jacob Markstrom with a rebound.
16:28 of 2nd period - Shot by Colton Parayko.
16:28 of 2nd period - Shot Misses the Net.
17:11 of 2nd period - Icing by K'Andre Miller.
17:12 of 2nd period - Kirill Marchenko wins face-off versus Adam Fantilli in Golden Knights zone.
17:20 of 2nd period - Shot by Jamie Drysdale.
17:20 of 2nd period - Stopped by Jacob Markstrom without a rebound.
17:21 of 2nd period - Connor McDavid wins face-off versus Adam Fantilli in Rangers zone.
17:31 of 2nd period - Off-side.
17:32 of 2nd period - Logan Cooley wins face-off versus Brayden Schenn in neutral zone.
17:34 of 2nd period - Michael Bunting is hit by Drake Batherson.
18:02 of 2nd period - Shot by Kirill Marchenko.
18:02 of 2nd period - Stopped by Jacob Markstrom with a rebound.
18:04 of 2nd period - Shot by Jamie Drysdale.
18:04 of 2nd period - Shot Misses the Net.
18:06 of 2nd period - Shot by Kirill Marchenko.
18:06 of 2nd period - Stopped by Jacob Markstrom without a rebound.
18:07 of 2nd period - Adam Fantilli wins face-off versus Connor McDavid in Rangers zone.
18:17 of 2nd period - Shot by Alex Killorn.
18:17 of 2nd period - Shot Hit the Post.
18:46 of 2nd period - Adam Fantilli is hit by Ridly Greig and loses puck.
19:07 of 2nd period - Anton Lundell is hit by Robby Fabbri and loses puck.
19:21 of 2nd period - Icing by Henri Jokiharju.
19:22 of 2nd period - Logan Cooley wins face-off versus Anton Lundell in Golden Knights zone.
Goals for this period are 1 for Golden Knights vs 0 for Rangers.
Shots for this period are 8 for Golden Knights vs 7 for Rangers.
3rd period
0:01 of 3rd period - Scott Laughton wins face-off versus Connor McDavid in neutral zone.
0:20 of 3rd period - Scott Laughton is hit by K'Andre Miller.
0:34 of 3rd period - Shot by Cody Ceci.
0:34 of 3rd period - Shot Blocked by Jamie Drysdale.
0:36 of 3rd period - Shot by Robby Fabbri.
0:36 of 3rd period - Shot Misses the Net.
0:40 of 3rd period - Shot by Robby Fabbri.
0:40 of 3rd period - Shot Misses the Net.
1:58 of 3rd period - Artturi Lehkonen is hit by Jordan Spence and loses puck.
2:08 of 3rd period - Artturi Lehkonen is hit by Henri Jokiharju and loses puck.
2:48 of 3rd period - Shot by Jakob Pelletier.
2:48 of 3rd period - Deflect By Max Domi.
2:48 of 3rd period - Shot Blocked by K'Andre Miller.
3:23 of 3rd period - Shot by Robby Fabbri.
3:23 of 3rd period - Shot Misses the Net.
3:54 of 3rd period - Shot by Michael Bunting.
3:54 of 3rd period - Shot Misses the Net.
4:04 of 3rd period - Shot by Michael Bunting.
4:04 of 3rd period - Stopped by Mackenzie Blackwood without a rebound.
4:05 of 3rd period - Adam Fantilli wins face-off versus Connor McDavid in Golden Knights zone.
4:18 of 3rd period - Shot by Connor McDavid.
4:18 of 3rd period - Stopped by Jacob Markstrom with a rebound.
4:20 of 3rd period - Shot by Colton Parayko.
4:20 of 3rd period - Shot Misses the Net.
4:22 of 3rd period - Shot by Ryan McDonagh.
4:22 of 3rd period - Goal by Ryan McDonagh - Golden Knights : 2 - Rangers : 0.
4:23 of 3rd period - Max Domi wins face-off versus Brayden Schenn in neutral zone.
5:05 of 3rd period - John Marino is hit by Drake Batherson and loses puck.
5:53 of 3rd period - Shot by Dawson Mercer.
5:53 of 3rd period - Shot Blocked by Troy Terry.
5:55 of 3rd period - Shot by Colton Parayko.
5:55 of 3rd period - Shot Misses the Net.
5:59 of 3rd period - Shot by Connor McDavid.
5:59 of 3rd period - Shot Misses the Net.
6:27 of 3rd period - Connor Clifton is hit by Adam Klapka and loses puck.
6:53 of 3rd period - Justin Holl is hit by Morgan Geekie and loses puck.
7:02 of 3rd period - Shot by Morgan Geekie.
7:02 of 3rd period - Deflect By Matt Coronato.
7:02 of 3rd period - Stopped by Jacob Markstrom without a rebound.
7:03 of 3rd period - Scott Laughton wins face-off versus Brayden Schenn in Rangers zone.
7:35 of 3rd period - Off-side.
7:36 of 3rd period - Max Domi wins face-off versus Dawson Mercer in neutral zone.
7:39 of 3rd period - Shot by Max Domi.
7:39 of 3rd period - Shot Misses the Net.
7:49 of 3rd period - Shot by Max Domi.
7:49 of 3rd period - Stopped by Mackenzie Blackwood without a rebound.
7:50 of 3rd period - Adam Fantilli wins face-off versus Jack Drury in Golden Knights zone.
8:05 of 3rd period - Shot by Adam Fantilli.
8:05 of 3rd period - Shot Misses the Net.
8:09 of 3rd period - Shot by Alex Killorn.
8:09 of 3rd period - Shot Misses the Net.
8:13 of 3rd period - Shot by Alex Killorn.
8:13 of 3rd period - Shot Misses the Net.
8:15 of 3rd period - Shot by Oliver Ekman-Larsson.
8:15 of 3rd period - Stopped by Mackenzie Blackwood without a rebound.
8:16 of 3rd period - Connor McDavid wins face-off versus Troy Terry in Golden Knights zone.
8:16 of 3rd period - Connor McDavid is hit by Logan Cooley.
8:17 of 3rd period - Minor Penalty to Troy Terry for Cross-checking.
8:18 of 3rd period - Connor McDavid wins face-off versus Robby Fabbri in Rangers zone.
8:19 of 3rd period - Shot by Kirill Marchenko.
8:19 of 3rd period - Stopped by Jacob Markstrom with a rebound.
8:21 of 3rd period - Shot by Jamie Drysdale.
8:21 of 3rd period - Stopped by Jacob Markstrom without a rebound.
8:22 of 3rd period - Connor McDavid wins face-off versus Robby Fabbri in Rangers zone.
9:33 of 3rd period - Shot by K'Andre Miller.
9:33 of 3rd period - Shot Blocked by Brent Burns.
9:51 of 3rd period - Shot by K'Andre Miller.
9:51 of 3rd period - Shot Misses the Net.
10:24 of 3rd period - Shot by Jack Quinn.
10:24 of 3rd period - Deflect By Adam Klapka.
10:24 of 3rd period - Stopped by Jacob Markstrom with a rebound.
10:26 of 3rd period - Shot by Jack Drury.
10:26 of 3rd period - Goal by Jack Drury - Golden Knights : 3 - Rangers : 0.
10:27 of 3rd period - Logan Cooley wins face-off versus Jack Drury in neutral zone.
10:27 of 3rd period - John Marino is hit by Adam Klapka and loses puck.
10:33 of 3rd period - Off-side.
10:34 of 3rd period - Jack Drury wins face-off versus Michael Bunting in neutral zone.
11:07 of 3rd period - Shot by Troy Terry.
11:07 of 3rd period - Deflect By Logan Cooley.
11:07 of 3rd period - Stopped by Mackenzie Blackwood without a rebound.
11:08 of 3rd period - Adam Fantilli wins face-off versus Dawson Mercer in Golden Knights zone.
11:08 of 3rd period - Adam Fantilli is hit by Jamie Drysdale.
11:59 of 3rd period - Scott Laughton is hit by Connor McDavid and loses puck.
12:24 of 3rd period - Shot by Drake Batherson.
12:24 of 3rd period - Stopped by Jacob Markstrom without a rebound.
12:25 of 3rd period - Anton Lundell wins face-off versus Logan Cooley in Rangers zone.
12:32 of 3rd period - Shot by Colton Parayko.
12:32 of 3rd period - Shot Blocked by Oliver Ekman-Larsson.
12:40 of 3rd period - Shot by Morgan Geekie.
12:40 of 3rd period - Stopped by Jacob Markstrom without a rebound.
12:41 of 3rd period - Max Domi wins face-off versus Brayden Schenn in Rangers zone.
13:26 of 3rd period - Shot by Troy Terry.
13:26 of 3rd period - Shot Misses the Net.
13:28 of 3rd period - Shot by Logan Cooley.
13:28 of 3rd period - Stopped by Mackenzie Blackwood without a rebound.
13:29 of 3rd period - Connor McDavid wins face-off versus Alex Killorn in Golden Knights zone.
13:29 of 3rd period - Dawson Mercer is hit by Adam Fantilli and loses puck.
13:50 of 3rd period - Shot by Alex Killorn.
13:50 of 3rd period - Stopped by Mackenzie Blackwood without a rebound.
13:51 of 3rd period - Anton Lundell wins face-off versus Logan Cooley in Golden Knights zone.
14:01 of 3rd period - Shot by Troy Terry.
14:01 of 3rd period - Shot Misses the Net.
14:05 of 3rd period - Shot by Troy Terry.
14:05 of 3rd period - Shot Misses the Net.
14:07 of 3rd period - Shot by Michael Bunting.
14:07 of 3rd period - Shot Misses the Net.
14:09 of 3rd period - Shot by John Marino.
14:09 of 3rd period - Stopped by Mackenzie Blackwood without a rebound.
14:10 of 3rd period - Scott Laughton wins face-off versus Connor McDavid in Golden Knights zone.
14:11 of 3rd period - Shot by Jack Roslovic.
14:11 of 3rd period - Shot Blocked by Ryan McDonagh.
15:13 of 3rd period - Shot by Logan Cooley.
15:13 of 3rd period - Stopped by Mackenzie Blackwood without a rebound.
15:14 of 3rd period - Brayden Schenn wins face-off versus Artturi Lehkonen in Golden Knights zone.
15:48 of 3rd period - Shot by Kirill Marchenko.
15:48 of 3rd period - Shot Misses the Net.
16:03 of 3rd period - Icing by Jamie Drysdale.
16:04 of 3rd period - Logan Cooley wins face-off versus Brayden Schenn in Golden Knights zone.
16:15 of 3rd period - Shot by Troy Terry.
16:15 of 3rd period - Deflect By Michael Bunting.
16:15 of 3rd period - Stopped by Mackenzie Blackwood with a rebound.
16:17 of 3rd period - Shot by Brent Burns.
16:17 of 3rd period - Stopped by Mackenzie Blackwood without a rebound.
16:18 of 3rd period - Scott Laughton wins face-off versus Anton Lundell in Golden Knights zone.
16:37 of 3rd period - Shot by Matt Coronato.
16:37 of 3rd period - Goal by Matt Coronato - Golden Knights : 4 - Rangers : 0.
16:38 of 3rd period - Troy Terry wins face-off versus Connor McDavid in neutral zone.
16:41 of 3rd period - Ridly Greig is hit by Michael Bunting.
16:56 of 3rd period - Shot by Connor McDavid.
16:56 of 3rd period - Shot Blocked by Brent Burns.
17:10 of 3rd period - Shot by Dawson Mercer.
17:10 of 3rd period - Stopped by Jacob Markstrom without a rebound.
17:11 of 3rd period - Adam Fantilli wins face-off versus Anton Lundell in Rangers zone.
17:11 of 3rd period - Adam Fantilli is hit by Anton Lundell.
17:17 of 3rd period - Shot by Morgan Geekie.
17:17 of 3rd period - Shot Misses the Net.
17:19 of 3rd period - Shot by Jordan Spence.
17:19 of 3rd period - Shot Misses the Net.
17:21 of 3rd period - Shot by Anton Lundell.
17:21 of 3rd period - Goal by Anton Lundell - Golden Knights : 5 - Rangers : 0.
17:22 of 3rd period - Jack Drury wins face-off versus Scott Laughton in neutral zone.
17:33 of 3rd period - Off-side.
17:34 of 3rd period - Anton Lundell wins face-off versus Adam Fantilli in neutral zone.
18:01 of 3rd period - Icing by Anton Lundell.
18:02 of 3rd period - Logan Cooley wins face-off versus Matt Coronato in Golden Knights zone.
18:09 of 3rd period - Shot by Connor Clifton.
18:09 of 3rd period - Shot Blocked by Colton Parayko.
18:31 of 3rd period - Shot by Michael Bunting.
18:31 of 3rd period - Shot Misses the Net.
19:06 of 3rd period - Jamie Drysdale is hit by Scott Laughton and loses puck.
19:36 of 3rd period - Icing by Oliver Ekman-Larsson.
19:37 of 3rd period - Scott Laughton wins face-off versus Kirill Marchenko in Rangers zone.
19:37 of 3rd period - Scott Laughton is hit by Brayden Schenn.
Goals for this period are 4 for Golden Knights vs 0 for Rangers.
Shots for this period are 12 for Golden Knights vs 10 for Rangers.